 Dungeon Crawl Stone Soup version 0.17.1-1-g73c8601 (webtiles) character file.

42 Peloso the Shield-Bearer (level 3, -2/33 HPs)
             Began as a Minotaur Fighter on Dec 25, 2015.
             Slain by a kobold
             ... wielding a +0 short sword
              (3 damage)
             ... on level 1 of the Dungeon.
             The game lasted 00:03:32 (1024 turns).

Peloso the Shield-Bearer (Minotaur Fighter)         Turns: 1024, Time: 00:03:32

Health: -2/33      AC:  4    Str: 20    XL:     3   Next: 33%
Magic:  2/2        EV:  5    Int:  5    God:
Gold:   26         SH:  9    Dex: 10    Spells: 0 memorised, 2 levels left

rFire  . . .     SeeInvis .     a - +0 long sword
rCold  . . .     Clarity  .     i - -1 chain mail (curse)
rNeg   . . .     SustAt   .     c - +0 shield
rPois  .         Gourm    .     (helmet unavailable)
rElec  .         Spirit   .     (no cloak)
rCorr  .         Warding  .     (no gloves)
rMut   .         Stasis   .     (no boots)
MR     .....                    (no amulet)
Stlth  ..........               (no ring)
                                (no ring)

@: lethally poisoned (-2 -> -5), not resistant to hostile enchantments,
extremely unstealthy
A: retaliatory headbutt, horns 3, breathe flames 1, deformed body
a: Breathe Fire


You were on level 1 of the Dungeon.
You were not hungry.

You visited 1 branch of the dungeon, and saw 2 of its levels.

You collected 26 gold pieces.

Inventory:

Hand Weapons
 a - a +0 long sword (weapon)
Armour
 b - a +0 scale mail
 c - a +0 shield (worn)
 i - a cursed -1 chain mail (worn)
Scrolls
 g - a scroll of enchant armour {unknown}
 h - a scroll of magic mapping {unknown}
 j - a scroll of enchant weapon {unknown}
 l - a scroll of random uselessness {unknown}
Potions
 d - a potion of might
 m - a potion of degeneration {unknown}
 n - a potion of curing {unknown}
Comestibles
 e - a bread ration
 k - 4 chunks of flesh


   Skills:
 + Level 4.1 Fighting
 + Level 2.8 Long Blades
 + Level 4.2 Armour
 + Level 4.2 Shields


You had 2 spell levels left.
You didn't know any spells.

Dungeon Overview and Level Annotations

Branches:
Dungeon (2/15)

Altars:


Innate Abilities, Weirdness & Mutations

You reflexively headbutt those who attack you in melee.
You have a pair of large horns on your head.
You can breathe flames.
Armour fits poorly on your strangely shaped body.


Message History

You block the kobold's attack. The adder completely misses you.
You slash the adder!
You kill the adder!
* * * LOW HITPOINT WARNING * * *
You feel sick. The kobold barely misses you.
You see here an adder corpse.
Drink which item? (? for menu, Esc to quit)
You don't have any such object.
Drink which item? (? for menu, Esc to quit)
You don't have any such object.
Drink which item? (? for menu, Esc to quit)
Okay, then.
Unknown command.
Drink which item? (? for menu, Esc to quit)
It was a potion of mutation.
You feel extremely strange.
Your body twists and deforms.
Your throat feels hot.
The horns on your head grow some more.
* * * LOW HITPOINT WARNING * * *
You feel sick. The kobold hits you with a short sword.
You die...

###########.# #.# ### #♣♣♣♣♣###..
##8.8###....# #.###.###.# #..
#......####.# #.##.#.##.# #..
#......####.###.#(###.#.#### ##÷P
#......#.....)...## ##.....###..P
8......#....##..#.###.#.#........
<......'.##.##>.##.#.##.#.#####..
8......####.##.K##..###.#.# #.P
#......# #.##..@♣♣♣♣♣..#.# #..
#......# #.##..♣♣.P♣♣♣##.# #..
#......# #.##...)...♣♣ #.# #..
##8.8### #.##.#♣♣.♣♣.♣ #.# #..
######## #.##...♣♣♣♣♣# #.# #..
#.# #.# #.######..# #.# #.# #.#
#.# #.######..#####.# #.#
#.####.####.............[.#####.#
............####♣♣♣...........#.#


You could see a kobold.

Vanquished Creatures
  An adder (D:1)
  3 oozes (D:1)
  2 hobgoblins
  2 jackals (D:1)
  2 ball pythons (D:1)
  A bat (D:1)
  2 giant newts (D:1)
  A goblin (D:1)
  4 kobolds (D:1)
  5 rats (D:1)
23 creatures vanquished.

Notes
Turn   | Place    | Note
--------------------------------------------------------------
     0 | D:1      | Peloso the Minotaur Fighter began the quest for the Orb.
     0 | D:1      | Reached XP level 1. HP: 19/19 MP: 0/0
    72 | D:1      | Reached XP level 2. HP: 17/27 MP: 1/1
   213 | D:1      | Reached skill level 4 in Shields
   632 | D:1      | Reached XP level 3. HP: 33/33 MP: 2/2
  1021 | D:1      | HP: 1/33 [poisoned by an adder]
  1024 | D:1      | Gained mutation: Armour fits poorly on your strangely shaped body. [potion of mutation]
  1024 | D:1      | Gained mutation: You can breathe flames. [potion of mutation]
  1024 | D:1      | Gained mutation: You have a pair of large horns on your head. [potion of mutation]
  1024 | D:1      | Slain by a kobold

Action                   || total
-------------------------++-------
Melee: Long sword        ||    69
  Use: Potion            ||     1
